 Dungeon Crawl Stone Soup version 0.30-a0-652-gcc886f7154 (webtiles) character file.

Game seed: 11581626592276081419

4034 Dittersdorf the Blocker (level 10, -8/65 HPs)
             Began as a Gargoyle Fighter on Jan 17, 2023.
             Was a Believer of Okawaru.
             Mangled by an ice devil (12 damage)
             ... summoned by a kobold demonologist
             ... on level 8 of the Dungeon.
             The game lasted 00:10:28 (7219 turns).

Dittersdorf the Blocker (Gargoyle Fighter)          Turns: 7219, Time: 00:10:29

Health: -8/65      AC: 25    Str: 24    XL:     10   Next: 24%
Magic:  10/10      EV:  8    Int:  9    God:    Okawaru [**....]
Gold:   307        SH:  5    Dex:  9    Spells: 9/9 levels left

rFire   . . .      SeeInvis .    H - +5 flail (heavy)
rCold   . . .      Faith    .    c - +0 buckler
rNeg    + . .      Spirit   .    w - +0 chain mail
rPois   ∞          Reflect  .    F - +0 helmet
rElec   +          Harm     .    e - +0 cloak
rCorr   +          Rampage  .    (no gloves)
Will    .....                    (no boots) Stlth
                                 (no amulet)
HPRegen 0.30/turn                n - +4 ring of protection
MPRegen 0.12/turn                t - ring of resist corrosion

@: studying Ice Magic
A: sickness immunity, AC +7, negative energy resistance 1, electricity
resistance, torment resistance 1, petrification resistance
a: Renounce Religion, Heroism


You were on level 8 of the Dungeon.
You worshipped Okawaru.
Okawaru was pleased with you.
You visited 2 branches of the dungeon, and saw 9 of its levels.

You collected 475 gold pieces.
You spent 168 gold pieces at shops.

Inventory:

Hand Weapons
 H - a +5 heavy flail (weapon)
Missiles
 r - 8 poisoned darts (quivered)
Armour
 c - a +0 buckler (worn)
 e - a +0 cloak (worn)
 w - a +0 chain mail (worn)
 F - a +0 helmet (worn)
Jewellery
 n - a +4 ring of protection (left hand)
 t - a ring of resist corrosion (right hand)
Wands
 m - a wand of flame (32)
 G - a wand of acid (12)
Scrolls
 a - a scroll of enchant weapon {unknown}
 b - a scroll of immolation {unknown}
 f - 3 scrolls of fear
 g - 2 scrolls of teleportation
 i - a scroll of acquirement {unknown}
 k - 2 scrolls of poison
 s - 2 scrolls of fog {unknown}
 v - a scroll of enchant armour {unknown}
 x - a scroll of brand weapon {unknown}
 y - a scroll of silence {unknown}
 E - a scroll of blinking
Potions
 d - 4 potions of might
 h - a potion of attraction {unknown}
 j - 3 potions of brilliance
 l - 4 potions of invisibility
 o - 3 potions of lignification {unknown}
 p - 2 potions of heal wounds {unknown}
 q - a potion of ambrosia {unknown}
 u - 2 potions of cancellation {unknown}
 z - 4 potions of curing
 A - a potion of flight {unknown}
 B - a potion of mutation {unknown}
 C - 2 potions of magic {unknown}
 D - 3 potions of resistance


   Skills:
 + Level 8.6 Fighting
 + Level 7.5 Maces & Flails
 + Level 8.6 Armour
 + Level 8.6 Shields


You had 9 spell levels left.
You didn't know any spells.
Your spell library contained the following spells:

 Spells                   Type           Power      Damage    Failure   Level
 Slow                     Hex            0%         N/A       96%         1
 Confusing Touch          Hex            0%         N/A       100%        3
 Gell's Gravitas          Tloc           0%         N/A       100%        3
 Teleport Other           Tloc           0%         N/A       100%        3
 Vampiric Draining        Necr           0%         2d6       100%        3
 Dispersal                Tloc           0%         N/A       100%        6


Dungeon Overview and Level Annotations

Branches:
Dungeon (8/15)             Temple (1/1) D:6
   Lair: D:8-11

Altars:
Ashenzari
Elyvilon
Fedhas
Gozag
Okawaru
Ru
Sif Muna
Uskayaw
Vehumet
Wu Jian
Xom
Yredelemnul
Zin

Shops:
D:2 *[?=?   D:3 (   D:4 *:


Innate Abilities, Weirdness & Mutations

You are immune to sickness and miasma.
Your stone body is resilient. (AC +7)
You are immune to poison.
You resist negative energy. (rN+)
You are resistant to electric shocks. (rElec)
You are resistant to unholy torment.
You are immune to petrification.


Message History

Press: ? - help, Q - select action, (/) - cycle Shift-Dir - straight line, f/p - kobold demonologist
Aim: a kobold demonologist, wielding a +0 dagger of venom and wearing a +2 robe of the Archmagi (48% to hit)
You throw a poisoned dart.
The poisoned dart hits the kobold demonologist.
The kobold demonologist is poisoned.
The kobold demonologist begins to cast a cantrip, but forgets the words!
Throw: 12 darts (poison)
Press: ? - help, Q - select action, (/) - cycle Shift-Dir - straight line, f/p - kobold demonologist
Aim: a kobold demonologist, wielding a +0 dagger of venom and wearing a +2 robe of the Archmagi (lightly wounded, poisoned, 48% to hit)
You throw a poisoned dart.
The poisoned dart closely misses the kobold demonologist.
The kobold demonologist casts a spell.
Throw: 11 darts (poison)
Press: ? - help, Q - select action, (/) - cycle Shift-Dir - straight line, f/p - kobold demonologist
Aim: a kobold demonologist, wielding a +0 dagger of venom and wearing a +2 robe of the Archmagi (lightly wounded, poisoned, 48% to hit)
You throw a poisoned dart.
The poisoned dart closely misses the kobold demonologist.
The kobold demonologist mumbles some strange words.
Throw: 10 darts (poison)
Press: ? - help, Q - select action, (/) - cycle Shift-Dir - straight line, f/p - kobold demonologist
Aim: a kobold demonologist, wielding a +0 dagger of venom and wearing a +2 robe of the Archmagi (lightly wounded, poisoned, 48% to hit)
You throw a poisoned dart. The poisoned dart hits the ice devil.
The kobold demonologist looks more healthy.
Throw: 9 darts (poison)
Press: ? - help, Q - select action, (/) - cycle Shift-Dir - straight line, f/p - kobold demonologist
Aim: a kobold demonologist, wielding a +0 dagger of venom and wearing a +2 robe of the Archmagi (lightly wounded, 48% to hit)
You throw a poisoned dart. The poisoned dart hits the rust devil.
The rust devil is poisoned.
The kobold demonologist looks satisfied for a moment.
The kobold demonologist looks braver for a moment.
The rust devil barely misses you. The ice devil hits you!
The ice devil freezes you!!
The kobold demonologist looks satisfied for a moment.
The ice devil hits you! The ice devil freezes you!
* * * LOW HITPOINT WARNING * * *
The ice devil attacks as you move away! The ice devil barely misses you.
The ice devil attacks as you move away! The ice devil hits you.
* * * LOW HITPOINT WARNING * * *
The ice devil freezes you!
You die...

##.(.# #.#..# ....+
###.#..# ##...## #...#..#
#.....# #......#
#....(##.######'#+
#.....##..........
#####..K..##.#####....
#.....4...# #....
#....@4...# ######...<
#.........###....)#+##
#####..~..............#.#
#...'..~................#
#.###.~~~...........(#####
#.# #..~~.................
#.# #...~............#####
#.# #...~..###....#### #.#
#......# ####.#


You could see an ice devil (summoned), a rust devil (summoned, poisoned) and a
kobold demonologist.

Vanquished Creatures
  Pikel (D:8)
  Sigmund (D:7)
  4 yaks (D:6)
  Eustachio (D:4)
  Edmund (D:6)
  A water moccasin (D:7)
  A sky beast (D:6)
  An ice beast (D:6)
  2 black bears
  A centaur (D:6)
  3 ogres
  A kobold brigand (D:8)
  3 lemures (D:8)
  3 scorpions
  7 necrophages (D:6)
  4 wights (D:6)
  4 howler monkeys
  A gnoll bouda (D:7)
  3 hounds
  An orc priest (D:6)
  5 jellies
  8 iguanas
  2 orc wizards
  4 adders
  3 gnolls (D:7)
  A shadow imp (D:8)
  A white imp (D:6)
  2 ufetubi
  4 dart slugs
  14 orcs
  8 endoplasms
  5 giant cockroaches
  5 goblins
  4 hobgoblins
  5 jackals
  3 quokkas
  4 ball pythons (D:1)
  2 bats (D:2)
  3 frilled lizards
  10 kobolds
  2 rats (D:1)
139 creatures vanquished.

Vanquished Creatures (others)
  A bush (D:6)
  7 plants
8 creatures vanquished.

Grand Total: 147 creatures vanquished

Notes
Turn   | Place    | Note
-------+----------+-------------------------------------------
     0 | D:1      | Dittersdorf the Gargoyle Fighter began the quest for the
                  | Orb.
     0 | D:1      | Reached XP level 1. HP: 14/14 MP: 1/1
   124 | D:1      | Reached XP level 2. HP: 19/19 MP: 2/2
   638 | D:1      | Found a faded altar of an unknown god.
   676 | D:1      | Reached XP level 3. HP: 22/23 MP: 3/3
  1020 | D:2      | Found Tymavoh's Jewellery Emporium.
  1061 | D:2      | Found Wujam's Armour Emporium.
  1226 | D:2      | Found Kurph's Magic Scroll Emporium.
  1242 | D:2      | You fall into a shaft and drop 1 floor!
  1243 | D:3      | yay!
  1387 | D:2      | Found Yxeipefakk's Assorted Antiques.
  1554 | D:2      | Reached XP level 4. HP: 29/29 MP: 4/4
  1654 | D:2      | Found Wicrali's Magic Scroll Shoppe.
  2061 | D:3      | Found Juidesor's Weapon Boutique.
  2118 | D:3      | Found an ornate altar of the Wu Jian Council.
  2696 | D:4      | Noticed a black bear
  2711 | D:4      | Killed a black bear
  2712 | D:4      | Reached XP level 5. HP: 33/34 MP: 5/5
  2719 | D:4      | Reached XP level 6. HP: 39/39 MP: 6/6
  2887 | D:4      | Found Ecexziwk's Tremendous Tomes.
  2931 | D:4      | Found an opulent altar of Gozag.
  3029 | D:4      | Found Vecae's Assorted Antiques.
  3034 | D:4      | Bought a faintly glowing mace for 168 gold pieces
  3034 | D:4      | Identified the +5 mace of Intuition {holy, Int+3} (You
                  | bought it in a shop on level 4 of the Dungeon)
  3240 | D:4      | Noticed Eustachio
  3250 | D:4      | Killed Eustachio
  3251 | D:4      | Reached skill level 5 in Fighting
  3251 | D:4      | Reached skill level 5 in Armour
  3251 | D:4      | Reached skill level 5 in Shields
  3251 | D:4      | Reached XP level 7. HP: 44/44 MP: 7/7
  3810 | D:5      | Entered Level 5 of the Dungeon
  4153 | D:5      | Reached XP level 8. HP: 51/51 MP: 8/8
  4430 | D:5      | Reached skill level 5 in Maces & Flails
  4755 | D:6      | Found a glowing silver altar of Zin.
  5101 | D:6      | Found a staircase to the Ecumenical Temple.
  5126 | Temple   | Entered the Ecumenical Temple
  5169 | Temple   | Became a worshipper of Warmaster Okawaru
  5258 | D:6      | Found a broken altar of Ashenzari.
  5324 | D:6      | Found a blossoming altar of Fedhas.
  5694 | D:6      | Reached XP level 9. HP: 53/56 MP: 9/9
  5858 | D:6      | Reached * piety under Okawaru
  5950 | D:7      | Noticed Edmund
  6149 | D:6      | Killed Edmund
  6211 | D:7      | Reached ** piety under Okawaru
  6244 | D:7      | Noticed Sigmund
  6248 | D:7      | Killed Sigmund
  6296 | D:7      | Reached XP level 10. HP: 64/64 MP: 10/10
  6312 | D:7      | Identified the +8 spear of Distraction {heavy, rPois rC+
                  | Dex+2}
  6508 | D:7      | Found a sacrificial altar of Ru.
  7039 | D:8      | Noticed Pikel
  7052 | D:8      | Killed Pikel
  7203 | D:8      | Noticed a kobold demonologist
  7209 | D:8      | Noticed a rust devil
  7219 | D:8      | Mangled by an ice devil

Illustrated notes

. #######
....##.....#
#...@...#
#.#.....#
##.>### #.##
#.# #.# #.#
#.#


Turn 1243 on D:3: yay!

Levels and vault maps discovered:
D:1:      scummos_arrival_star, layout_basic,
          hellmonk_ecumenical_altar_pennies_from_heaven, roderic_lattice_a,
          dk_noncrumbling_4, dreamdust_wishing_well, minmay_door_square,
          chequers_jeans
D:2:      layout_basic, serial_shops,
          nicolae_shop_temple_entry_statues_fountains, shop, shop_statue, shop,
          nicolae_shop_overgrown_old_shop
D:3:      cheibrodos_old_hovel, layout_rooms,
          nicolae_wu_jian_immortal_techniques, serial_shops,
          nicolae_shop_bloodbath_and_beyond, minmay_misc_feat_cross
D:4:      layout_basic, lemuel_doored_altar, serial_shops,
          nicolae_shop_statue_plus, amcnicky_mini_pool_small,
          nicolae_shop_i_like_big_books, uniq_eustachio
D:5:      layout_basic
D:6:      layout_basic, fedhas_altar_decomposition,
          mainiacjoe_overflow_cross_hatched, nicolae_ashenzari_skybound,
          minmay_temple_entry_mini_moons
D:7:      layout_cave_pools, mainiacjoe_overflow_alcove_4,
          sigmund_edmund_badplayer
D:8:      layout_basic, small_chamber_with_monster, uniq_pikel
Temple:   nicolae_temple_hex_pool

Skill      XL: |  1  2  3  4  5  6  7  8  9 |
---------------+----------------------------+-----
Armour         | 4 5 6 8 |  8.6
Fighting       | 4 5 6 8 |  8.6
Shields        | 4 5 6 8 |  8.6
Maces & Flails | 3 4 5 7 |  7.5

Action                   |  1- 3 |  4- 6 |  7- 9 | 10-12 || total
-------------------------+-------+-------+-------+-------++-------
Melee: Flail             |    52 |       |    28 |    41 ||   121
       Morningstar       |    81 |    89 |       |       ||   170
       Mace              |       |    18 |   271 |       ||   289
Throw: Dart              |       |     5 |    10 |    13 ||    28
  Use: Scroll            |       |     3 |     4 |     1 ||     8
Armor: Scale mail        |   101 |     5 |       |       ||   106
       Chain mail        |       |    74 |   249 |    17 ||   340
Dodge: Dodged            |    79 |    36 |   102 |    18 ||   235
Block: Buckler           |    32 |    27 |    63 |     8 ||   130

Table legend: (Time is in decaauts)
 A = Elapsed time spent in this place.
 B = Non-inter-level travel time spent in this place.
 C = Inter-level travel time spent in this place.
 D = Time resting spent in this place.
 E = Time spent auto-exploring this place.
 F = Levels seen in this place.
 G = Mean time per level.
                   A        B        C        D        E       F      G
               +--------+--------+--------+--------+--------+-----+--------+
         Total |   7403 |   6987 |    416 |    637 |   4882 |   9 |  822.6 |
       Dungeon |   7339 |   6923 |    416 |    637 |   4847 |   8 |  917.4 |
        Temple |     64 |     64 |      0 |      0 |     35 |   1 |   64.0 |
               +--------+--------+--------+--------+--------+-----+--------+

Top non-repeatable levels by time:
     D:4: 1420 daAuts
     D:6: 1378 daAuts
     D:1: 1106 daAuts
     D:5: 852 daAuts
     D:2: 767 daAuts
     D:3: 710 daAuts
     D:7: 565 daAuts
     D:8: 538 daAuts
  Temple: 64 daAuts
